 Dungeon Crawl Stone Soup version 0.27.1-34-g3ba077fa99 (webtiles) character file.

Game seed: 3165338004635004708

7230 pkoi the Grappler (level 10, -5/74 HPs)
             Began as a White Draconian Monk on Jan 12, 2022.
             Was a Priest of Hepliaklqana.
             Slain by a tengu warrior (9 damage)
             ... on level 9 of the Dungeon.
             The game lasted 00:21:27 (13252 turns).

pkoi the Grappler (White Draconian Monk)           Turns: 13252, Time: 00:21:28

Health: -5/74      AC:  9    Str: 15    XL:     10   Next: 88%
Magic:  11/11      EV: 14    Int: 21    God:    Hepliaklqana [***...]
Gold:   398        SH:  0    Dex: 15    Spells: 9/9 levels left

rFire    . . .     SeeInvis .     - Unarmed
rCold    + . .     Faith    .   (no shield)
rNeg     . . .     Spirit   .   (armour unavailable)
rPois    .         Reflect  .   (helmet restricted)
rElec    .         Harm     .   l - scarf {repulsion}
rCorr    .         Rampage  .   (no gloves)
Will     .....                  j - +1 pair of boots
Stlth    +++.......             (no amulet)
HPRegen  0.22/turn              f - +6 ring of intelligence
MPRegen  0.12/turn              (no ring)

@: short of breath, studying Fire Magic, repel missiles
A: reduced essence, breathe frost, AC +7, unfitting armour, cold resistance 1,
cold-blooded, thin skeletal structure 1, clever 1
a: Breathe Frost, Renounce Religion, Recall Ancestor, Ancestor Identity,
Transference


You were on level 9 of the Dungeon.
You worshipped Hepliaklqana.
Hepliaklqana was most pleased with you.
You visited 2 branches of the dungeon, and saw 11 of its levels.
You also visited: Ossuary.

You collected 398 gold pieces.

Inventory:

Hand Weapons
 b - the +6 hunting sling of Eternal Vigilance {freeze, rF+ SInv}
   (You found it on level 4 of the Dungeon)

   Any ammunition fired from it freezes those it strikes, dealing additional
   cold damage.
   It can also slow down cold-blooded creatures.
   rF:        It protects you from fire.
   SInv:      It lets you see invisible.
 g - a +2 dagger of speed
Missiles
 k - 77 sling bullets
Armour
 j - a +1 pair of boots (worn)
 l - a scarf of repulsion (worn)
Jewellery
 f - a +6 ring of intelligence (left hand)
Wands
 c - a wand of acid (5)
 e - a wand of digging (1)
 i - a wand of polymorph (9)
Scrolls
 d - 4 scrolls of identify
 h - 4 scrolls of teleportation
 n - a scroll of amnesia
 o - a scroll of blinking
 s - a scroll of enchant armour
Potions
 a - a potion of heal wounds
 p - a potion of cancellation


   Skills:
 - Level 6.0 Fighting
 - Level 5.0 Dodging
 - Level 1.7 Stealth
 + Level 14.8 Unarmed Combat
 + Level 1.8 Invocations


You had 9 spell levels left.
You didn't know any spells.
Your spell library contained the following spells:

 Spells                   Type           Power      Damage    Failure   Level
 Foxfire                  Conj/Fire      0%         2x1d4     19%         1
 Summon Small Mammal      Summ           0%         N/A       19%         1
 Call Canine Familiar     Summ           0%         N/A       47%         3
 Conjure Flame            Conj/Fire      0%         6-21      47%         3
 Inner Flame              Hex/Fire       0%         N/A       47%         3
 Summon Guardian Golem    Hex/Summ       0%         N/A       47%         3
 Freezing Cloud           Conj/Ice/Air   0%         6-21      99%         5
 Simulacrum               Ice/Necr       0%         N/A       100%        6
 Orb of Destruction       Conj           0%         N/A       100%        7
 Spellforged Servitor     Conj/Summ      0%         N/A       100%        7
 Polar Vortex             Ice            0%         N/A       100%        9


Dungeon Overview and Level Annotations

Branches:
Dungeon (10/15)            Temple (1/1) D:7         Ossuary (visited)
   Lair: D:8-11         Orc: D:9-12

Altars:
Ashenzari
Cheibriados
Dithmenos
Elyvilon
Fedhas
Gozag
Hepliaklqana
Kikubaaqudgha
Makhleb
Nemelex Xobeh
Okawaru
Qazlal
Ru
Sif Muna
Trog
Uskayaw
Vehumet
Wu Jian
Xom
Yredelemnul
The Shining One

Shops:
D:4 :

Annotations:
D:4 Sigmund
D:5 2 transporters, jr88keys's ghost, novice OpFi


Innate Abilities, Weirdness & Mutations

Your life essence is reduced to manifest your ancestor. (-10% HP)
You can breathe waves of freezing cold which knock back foes.
Your icy white scales are hard. (AC +7)
You cannot fit into any form of body armour.
Your flesh is cold resistant. (rC+)
You are cold-blooded and may be slowed by cold attacks.
You have a somewhat thin skeletal structure. (Dex +2, Stealth+)
Your mind is acute. (Int +2)


Message History

The tengu warrior hits you with a +0 halberd!
The tengu warrior barely misses you. x2
There is a stone staircase leading up, spattered with blood here.
Unknown command.
The tengu warrior hits you with a +0 halberd!!
The tengu warrior completely misses you.
The tengu warrior claws you.
Tonia barely misses the tengu warrior.
You climb upwards.
There is a stone staircase leading down here.
You are too injured to fight recklessly!
You are too injured to fight recklessly!
You are too injured to fight recklessly!
You punch the tengu warrior!
Your tail-slap misses the tengu warrior.
The tengu warrior is moderately wounded.
The tengu warrior barely misses you. x2; The tengu warrior claws you.
* * * LOW HITPOINT WARNING * * *
You closely miss the tengu warrior.
The tengu warrior is moderately wounded.
Tonia misses the tengu warrior.
The tengu warrior hits you with a +0 halberd!
* * * LOW HITPOINT WARNING * * *
The tengu warrior pecks you.
* * * LOW HITPOINT WARNING * * *
The tengu warrior closely misses you.
Tonia closely misses the tengu warrior.
The tengu warrior hits you from afar with a +0 halberd!
* * * LOW HITPOINT WARNING * * *
Tonia closely misses the tengu warrior.
Press: ? - help, Shift-Dir - straight line, f - tengu warrior
Aim: a tengu warrior, wielding a +0 halberd and wearing a +0 leather armour (moderately wounded, ally target)
You exhale a wave of freezing cold.
The freezing breath hits the tengu warrior.
The tengu warrior is moderately wounded.
The tengu warrior hits you from afar with a +0 halberd!
* * * LOW HITPOINT WARNING * * *
Tonia hits the tengu warrior with a +0 flail!
Tonia completely misses the tengu warrior.
The tengu warrior hits you from afar with a +0 halberd!
You die...

#.##..# #..# #.#######
#.###.# #..# #.......#
#.#⌠#.####..# #.......#
....#.......#####.......#
._..#......>.R..........#
....#........###R...(...#
#####..###...# #Q.......#
.......# #...# #........#
.......# #...# #@.......#
.......# #...# #........#
.......# #...# #........#
.......# #...# #....#####
.......# #...# #....#
.......###...# #....#
.............# #....#
.............# #....#####
.............# #..>.....#


You could see the friendly Tonia the knight and a tengu warrior (ally target).

Vanquished Creatures
  A two-headed ogre (D:9)
  Pikel (D:8)
  Joseph (D:8)
  A shadow (D:10)
  2 wyverns (D:9)
  6 yaks
  A steam dragon (D:6)
  A black bear (D:6)
  A hornet zombie (D:9)
  2 orc warriors
  4 ogres
  3 necrophages
  3 centaurs
  A phantom (D:6)
  A bullfrog (D:7)
  2 elf zombies (Ossuary)
  2 water moccasin zombies (D:6)
  A killer bee (D:9)
  4 wights
  3 howler monkeys
  An electric eel (D:6)
  A jelly (D:6)
  2 bullfrog zombies (D:6)
  2 centaur zombies
  2 human zombies
  2 orc priests (D:8)
  2 bullfrog skeletons
  4 orc wizards
  An iguana (D:5)
  4 killer bee zombies
  3 hound zombies (Ossuary)
  5 mummies
  A howler monkey zombie (D:6)
  2 gnolls (D:3)
  6 adders
  2 white imps
  6 adder zombies (Ossuary)
  3 dart slugs
  24 orcs
  4 endoplasms
  2 giant cockroaches
  A gnoll zombie (Ossuary)
  8 goblins
  13 hobgoblins
  6 jackals
  2 quokkas (D:1)
  11 ball pythons
  3 bats
  3 frilled lizards
  8 goblin zombies (Ossuary)
  3 hobgoblin zombies (Ossuary)
  4 jackal zombies (Ossuary)
  4 kobolds
  2 kobold zombies (Ossuary)
  3 quokka zombies (Ossuary)
  7 rats
  3 rat zombies (Ossuary)
201 creatures vanquished.

Vanquished Creatures (collateral kills)
  3 yaks
  A sky beast (D:8)
  An ice beast (D:7)
  3 orc warriors
  An ogre (D:7)
  A scorpion (D:7)
  7 killer bees (D:9)
  A jelly (D:8)
  A bullfrog zombie (D:7)
  An orc priest (D:8)
  3 orc wizards
  An iguana (D:7)
  An ufetubus (D:7)
  4 orcs
29 creatures vanquished.

Vanquished Creatures (others)
  A knight (D:10)
  A fungus (D:6)
2 creatures vanquished.

Grand Total: 232 creatures vanquished

Notes
Turn   | Place    | Note
-------+----------+-------------------------------------------
     0 | D:1      | pkoi the Draconian Monk began the quest for the Orb.
     0 | D:1      | Reached XP level 1. HP: 19/19 MP: 1/1
   370 | D:1      | Found a faded altar of an unknown god.
   390 | D:1      | Reached XP level 2. HP: 25/26 MP: 2/2
   806 | D:1      | Reached skill level 4 in Unarmed Combat
  1047 | D:2      | Reached XP level 3. HP: 25/31 MP: 3/3
  1505 | D:2      | Gained mutation: Your mind is acute. (Int +2) [potion of
                  | mutation]
  1505 | D:2      | Gained mutation: You have a somewhat thin skeletal
                  | structure. (Dex +2, Stealth+) [potion of mutation]
  1797 | D:2      | Reached XP level 4. HP: 27/38 MP: 4/4
  1886 | D:3      | Reached skill level 5 in Unarmed Combat
  1944 | D:3      | Found a hide-covered altar of Uskayaw.
  1989 | D:3      | Found a bloodstained altar of Trog.
  2064 | D:3      | Found a stormy altar of Qazlal.
  2256 | D:3      | Found a shadowy altar of Dithmenos.
  2572 | D:4      | Found Sodet's Book Shop.
  2640 | D:4      | Found a sand-covered staircase.
  2653 | Ossuary  | Entered an ossuary
  2974 | Ossuary  | Reached XP level 5. HP: 27/45 MP: 5/5
  2992 | Ossuary  | Reached skill level 6 in Unarmed Combat
  3338 | Ossuary  | Reached XP level 6. HP: 9/51 MP: 6/6
  3711 | Ossuary  | Reached skill level 7 in Unarmed Combat
  4059 | D:4      | Identified the +0 dagger of the Sky {drain, rN+}
  4107 | D:4      | Noticed Sigmund
  5063 | D:5      | Entered Level 5 of the Dungeon
  5098 | D:5      | Identified a scroll of acquirement
  5098 | D:5      | Acquired a manual of Fire Magic
  5133 | D:5      | Reached skill level 8 in Unarmed Combat
  5178 | D:5      | Your scales start taking on an icy white colour.
  5178 | D:5      | Reached XP level 7. HP: 53/57 MP: 7/7
  5178 | D:5      | Gained mutation: Your flesh is cold resistant. (rC+) [White
                  | Draconian growth]
  5857 | D:4      | Reached skill level 9 in Unarmed Combat
  6337 | D:4      | Identified the +6 hunting sling of Eternal Vigilance
                  | {freeze, rF+ SInv}
  6508 | D:5      | Found a transporter.
  6509 | D:5      | Noticed jr88keys's ghost (novice OpFi)
  6510 | D:5      | Identified the +9 dire flail "Iggag" {flame, Int+7}
  6514 | D:5      | Found a transporter.
  6605 | D:6      | Found a shimmering blue altar of Sif Muna.
  6606 | D:6      | Found a sparkling altar of Nemelex Xobeh.
  6609 | D:6      | Found a shimmering altar of Xom.
  6860 | D:6      | Reached XP level 8. HP: 60/63 MP: 8/8
  6944 | D:6      | Reached skill level 10 in Unarmed Combat
  7623 | D:6      | Noticed a troll
  8224 | D:6      | Reached skill level 11 in Unarmed Combat
  8627 | D:6      | Found an ancient bone altar of Kikubaaqudgha.
  8689 | D:6      | Reached XP level 9. HP: 70/70 MP: 9/9
  8843 | D:7      | Reached skill level 12 in Unarmed Combat
  8873 | D:7      | Found a staircase to the Ecumenical Temple.
  8950 | Temple   | Entered the Ecumenical Temple
  9027 | Temple   | Became a worshipper of Hepliaklqana the Forgotten
  9027 | Temple   | Reached * piety under Hepliaklqana
  9027 | Temple   | Reached ** piety under Hepliaklqana
  9045 | D:7      | Remembered your ancestor Tonia as a knight
  9799 | D:8      | Reached skill level 13 in Unarmed Combat
 10453 | D:8      | Reached skill level 14 in Unarmed Combat
 10493 | D:8      | Reached XP level 10. HP: 69/69 MP: 10/10
 10494 | D:8      | Noticed Joseph
 10883 | D:8      | Noticed Pikel
 10892 | D:8      | Killed Pikel
 11091 | D:8      | Killed Joseph
 11362 | D:8      | Found a radiant altar of Vehumet.
 11758 | D:9      | Reached skill level 5 in Fighting
 12307 | D:9      | Noticed a two-headed ogre
 12317 | D:9      | Killed a two-headed ogre
 12318 | D:9      | Reached skill level 5 in Dodging
 12503 | D:9      | Reached skill level 1 in Invocations
 12583 | D:9      | Reached *** piety under Hepliaklqana
 12661 | D:9      | Found a basalt altar of Yredelemnul.
 12779 | D:10     | Entered Level 10 of the Dungeon
 12825 | D:10     | Noticed a tengu warrior
 13246 | D:9      | HP: 3/74 [tengu warrior (12)]
 13252 | D:9      | Slain by a tengu warrior

Illustrated notes

Levels and vault maps discovered:
D:1:      onia_arrival_mini_spirals, layout_loops_corners,
          hellmonk_ecumenical_altar_inner_sanctum
D:2:      layout_loops_cross
D:3:      cheibrodos_greedy_goblins, layout_rooms, old_standard_altar,
          mainiacjoe_overflow_alcove_1, mainiacjoe_overflow_catwalk,
          mainiacjoe_overflow_cross_hatched, fountainhead
D:4:      layout_gridville, nicolae_ossuary_entry_monument, serial_shops,
          nicolae_shop_trees, minmay_misc_feat_chi, sigmund_army
D:5:      layout_rooms, gammafunk_ghost_smash
D:6:      layout_layer_cave, grunt_temple_overflow_open,
          lemuel_mausoleum_altar_kikubaaqudgha, water_boxes_lemuel
D:7:      layout_rooms, temple_pool_b, minmay_misc_feat_room,
          chequers_serial_rivers_small_a, st_stairs_13
D:8:      layout_rooms, mainiacjoe_overflow_six_doors_small, uniq_joseph,
          uniq_pikel
D:9:      layout_small_grid, mainiacjoe_overflow_alcove_2
D:10:     minmay_cornered_nines, layout_basic, mainiacjoe_overflow_tiny_flanked,
          kennysheep_orc_monster_closet_entryway, corner_web_ring
Temple:   jpeg_temple_clearing

Skill      XL: |  1  2  3  4  5  6  7  8  9 10 |
---------------+-------------------------------+-----
Unarmed Combat | 4 5 6 8 9 11 14 | 14.8
Dodging        | 5 |  5.0
Fighting       | 6 |  6.0
Invocations    | 1 |  1.8
Stealth        | |  1.7

Action                   |  1- 3 |  4- 6 |  7- 9 | 10-12 || total
-------------------------+-------+-------+-------+-------++-------
Melee: Unarmed           |   137 |   290 |   231 |    65 ||   723
       Tailslap          |     8 |    41 |    27 |     8 ||    84
       Punch             |     3 |    10 |    14 |     6 ||    33
 Fire: Hunting sling     |       |       |    69 |    17 ||    86
Invok: Recall Ancestor   |       |       |     3 |     1 ||     4
       Ancestor Life: Kn |       |       |     1 |       ||     1
       Ancestor Identity |       |       |     1 |       ||     1
 Abil: Breathe Frost     |       |       |     4 |     5 ||     9
Evoke: Wand              |       |       |     1 |       ||     1
  Use: Potion            |     3 |     4 |     1 |       ||     8
       Scroll            |     3 |     4 |       |     6 ||    13
 Stab: Sleeping          |     6 |    10 |     9 |       ||    25
Armor: Skin              |    54 |    90 |    60 |    12 ||   216
Dodge: Dodged            |    97 |   178 |   124 |    48 ||   447
       Repelled          |       |       |       |     1 ||     1
